 Dungeon Crawl Stone Soup version 0.29-a0-338-g1ff7896281 (webtiles) character file.

Game seed: 15253239943082683251

68 Cecur the Conjurer (level 4, -3/21 HPs)
             Began as a Vine Stalker Conjurer on Apr 19, 2022.
             Was a Follower of Okawaru.
             Slain by an iguana (11 damage)
             ... on level 3 of the Dungeon.
             The game lasted 00:03:21 (2335 turns).

Cecur the Conjurer (Vine Stalker Conjurer)          Turns: 2335, Time: 00:03:21

Health: -3/21      AC:  2    Str: 10    XL:     4   Next: 19%
Magic:  0/8        EV: 12    Int: 20    God:    Okawaru [*.....]
Gold:   86         SH:  0    Dex: 12    Spells: 7/8 levels left

rFire   . . .      SeeInvis .   g - +0 rapier
rCold   . . .      Faith    .   (no shield)
rNeg    . . .      Spirit   +   a - +0 robe
rPois   .          Reflect  .   (no helmet)
rElec   .          Harm     .   (no cloak)
rCorr   .          Rampage  .   (no gloves)
Will    .....                   (no boots)
Stlth   ++........              (no amulet)
HPRegen 0.87/turn               (no ring)
MPRegen 0.11/turn               (no ring)

@: no status effects
A: fangs 2, regeneration 1, magic shield, antimagic bite, no potion heal 2
a: Renounce Religion, Heroism


You were on level 3 of the Dungeon.
You worshipped Okawaru.
Okawaru was aware of your devotion.
You visited 1 branch of the dungeon, and saw 3 of its levels.

You collected 86 gold pieces.

Inventory:

Hand Weapons
 g - a +0 rapier (weapon)
Armour
 a - a +0 robe (worn)
Jewellery
 l - an amulet of faith
Scrolls
 d - 2 scrolls of fog {unknown}
 f - a scroll of immolation {unknown}
 h - a scroll of magic mapping {unknown}
 i - a scroll of acquirement {unknown}
 k - a scroll of blinking {unknown}
 m - 2 scrolls of identify {unknown}
 n - a scroll of amnesia {unknown}
 o - a scroll of brand weapon {unknown}
Potions
 b - a potion of magic
 c - a potion of cancellation {unknown}
 e - a potion of brilliance {unknown}
 j - a potion of berserk rage {unknown}


   Skills:
 - Level 1.5 Dodging
 - Level 2.4 Stealth
 - Level 0.1 Unarmed Combat
 * Level 2.6 Spellcasting
 * Level 5.3 Conjurations


You had 7 spell levels left.
You knew the following spells:

 Your Spells              Type           Power      Damage    Failure   Level
a - Magic Dart            Conj           96%        1d7       1%          1

Your spell library contained the following spells:

 Spells                   Type           Power      Damage    Failure   Level
 Searing Ray              Conj           48%        2d6       2%          2
 Dazzling Flash           Conj/Hex       26%        N/A       14%         3
 Blink                    Tloc           4%         N/A       22%         2
 Mephitic Cloud           Conj/Pois/Air  9%         N/A       22%         3
 Lesser Beckoning         Tloc           2%         N/A       41%         3
 Fulminant Prism          Conj/Hex       6%         3d7       43%         4
 Iskenderun's Mystic Bla  Conj/Tloc      13%        2d5       43%         4
 Manifold Assault         Tloc           2%         N/A       99%         5
 Call Imp                 Summ           Unusable   N/A       N/A         2

Dungeon Overview and Level Annotations

Branches:
Dungeon (3/15)

Altars:
Okawaru


Innate Abilities, Weirdness & Mutations

You have extremely sharp teeth.
Your natural rate of healing is unusually fast.
When hurt, damage is shared between your health and your magic reserves.
Your bite disrupts and absorbs the magic of your enemies.
Potions cannot restore your health.


Message History

The adder hisses angrily.
The magic dart hits the adder.
The adder is severely wounded.
You can't see any susceptible monsters within range! (Use Z to cast anyway.)
You can't see any susceptible monsters within range! (Use Z to cast anyway.)
You can't see any susceptible monsters within range! (Use Z to cast anyway.)
An adder is nearby!
The magic dart hits the adder!
You kill the adder!
Okawaru accepts your kill.
You can't see any susceptible monsters within range! (Use Z to cast anyway.)
You can't see any susceptible monsters within range! (Use Z to cast anyway.)
Found a club.
An iguana comes into view.
The magic dart hits the iguana but does no damage.
The iguana hisses angrily.
The magic dart hits the iguana.
The iguana is lightly wounded.
The magic dart hits the iguana but does no damage.
The iguana is lightly wounded.
The magic dart hits the iguana.
The iguana is moderately wounded.
The magic dart hits the iguana!
The iguana is severely wounded.
The magic dart hits the iguana but does no damage.
The iguana is severely wounded.
The magic dart hits the iguana but does no damage.
The iguana is severely wounded.
The iguana bites you.
The magic dart hits the iguana.
The iguana is severely wounded.
The iguana bites you!
You hit the iguana. Your bite misses the iguana.
The iguana is severely wounded.
The iguana bites you!
You hit the iguana but do no damage. You bite the iguana, but do no damage.
The iguana is severely wounded.
The iguana bites you!
Ouch! That really hurt!
You die...

....##.#..
#.#.##.#..
#.#.##.#.#
...##.#.#
#..##.#.#
#..##.#.# #
#l##.#.### ...
#@......<#
.....#..#.#.###
...........#.#
......##.###.#
...... #.# #.#
..... #.. #.#
..... ...##.#
.... ...)#.#
.### ...#.#


You could see an iguana.

Vanquished Creatures
  3 adders
  A dart slug (D:1)
  5 endoplasms
  A giant cockroach (D:1)
  2 goblins
  3 hobgoblins
  3 jackals (D:1)
  A quokka (D:2)
  4 ball pythons
  5 bats
  2 frilled lizards
  2 kobolds (D:1)
  7 rats
39 creatures vanquished.

Notes
Turn   | Place    | Note
-------+----------+-------------------------------------------
     0 | D:1      | Cecur the Vine Stalker Conjurer began the quest for the
                  | Orb.
     0 | D:1      | Reached XP level 1. HP: 9/9 MP: 4/4
   148 | D:1      | Reached XP level 2. HP: 10/13 MP: 0/6
   319 | D:1      | Found a faded altar of an unknown god.
   329 | D:1      | Prayed at the altar of an unknown god.
   329 | D:1      | Became a worshipper of Warmaster Okawaru
   329 | D:1      | Reached * piety under Okawaru
   889 | D:1      | Reached XP level 3. HP: 9/16 MP: 4/7
  1508 | D:2      | Reached skill level 5 in Conjurations
  1987 | D:2      | Gained mutation: Your natural rate of healing is unusually
                  | fast. [Vine Stalker growth]
  1987 | D:2      | Reached XP level 4. HP: 21/21 MP: 5/8
  2335 | D:3      | Slain by an iguana

Illustrated notes

Levels and vault maps discovered:
D:1:      wander_arrival_peaceful_grave, layout_loops_corners,
          ebering_ecumenical_altar_rust
D:2:      layout_loops_cross
D:3:      layout_basic

Skill      XL: |  1  2  3 |
---------------+----------+-----
Conjurations   | 5 |  5.3
Dodging        | |  1.5
Stealth        | |  2.4
Unarmed Combat | |  0.1
Spellcasting   | |  2.6

Action                   |  1- 3 |  4- 6 || total
-------------------------+-------+-------++-------
Melee: Unarmed           |     3 |       ||     3
       Bite              |     2 |     1 ||     3
       Rapier            |     4 |     2 ||     6
 Cast: Magic Dart        |    70 |    12 ||    82
Armor: Robe              |     4 |       ||     4
Dodge: Dodged            |    11 |       ||    11

Table legend: (Time is in decaauts)
 A = Elapsed time spent in this place.
 B = Non-inter-level travel time spent in this place.
 C = Inter-level travel time spent in this place.
 D = Time resting spent in this place.
 E = Time spent auto-exploring this place.
 F = Levels seen in this place.
 G = Mean time per level.
                   A        B        C        D        E       F      G
               +--------+--------+--------+--------+--------+-----+--------+
         Total |   2335 |   2287 |     48 |      0 |   2096 |   3 |  778.3 |
       Dungeon |   2335 |   2287 |     48 |      0 |   2096 |   3 |  778.3 |
               +--------+--------+--------+--------+--------+-----+--------+

Top non-repeatable levels by time:
     D:1: 1250 daAuts
     D:2: 1030 daAuts
     D:3: 54 daAuts
